 Dungeon Crawl Stone Soup version 0.30-b1-2-g02819fbbbe (webtiles) character file.

Game seed: 17821297404862954575

49 Arcadio the Digger (level 3, -7/19 HPs)
             Began as a Gargoyle Earth Elementalist on May 9, 2023.
             Mangled by a gnoll
             ... wielding a +0 halberd
              (15 damage)
             ... on level 2 of the Dungeon.
             The game lasted 00:02:45 (1305 turns).

Arcadio the Digger (Gargoyle Earth Elementalist)    Turns: 1305, Time: 00:02:45

Health: -7/19      AC:  5    Str: 11    XL:     3   Next: 75%
Magic:  0/7        EV: 12    Int: 23    God:
Gold:   76         SH:  0    Dex: 10    Spells: 3/7 levels left

rFire   . . .        c - +0 mace
rCold   . . .        (no shield)
rNeg    + . .        a - +0 robe
rPois   ∞            (no helmet)
rElec   +            (no cloak)
rCorr   .            (no gloves)
SInv    .            (no boots)
Will    .....        (no amulet)
Stlth   ++           g - +6 ring of intelligence
HPRegen 0.23/turn    (no ring)
MPRegen 0.10/turn

%: no passive effects
@: no status effects
A: sickness immunity, AC +3, negative energy resistance 1, electricity
resistance, torment resistance 1, petrification resistance
a: no special abilities


You were on level 2 of the Dungeon.
You visited 1 branch of the dungeon, and saw 2 of its levels.

You collected 76 gold pieces.

Inventory:

Hand Weapons
 c - a +0 mace (weapon)
Armour
 a - a +0 robe (worn)
Jewellery
 g - a +6 ring of intelligence (left hand)
Scrolls
 d - a scroll of immolation {unknown}
 f - a scroll of identify {unknown}
 h - a scroll of brand weapon {unknown}
Potions
 b - a potion of magic
 e - 2 potions of flight {unknown}


   Skills:
 + Level 2.2 Dodging
 - Level 2.1 Stealth
 + Level 2.6 Spellcasting
 - Level 0.7 Transmutations
 + Level 4.3 Earth Magic


You had 3 spell levels left.
You knew the following spells:

 Your Spells              Type           Power      Damage    Failure   Level
a - Sandblast             Erth           46%        2d11      1%          1
b - Stone Arrow           Conj/Erth      26%        3d8       14%         3

Your spell library contained the following spells:

 Spells                   Type           Power      Damage    Failure   Level
 Passwall                 Tmut/Erth      11%        N/A       6%          2
 Petrify                  Tmut/Erth      14%        N/A       38%         4


Dungeon Overview and Level Annotations

Branches:
Dungeon (2/15) Zot: 10675

Altars:

Shops:
D:1 =


Innate Abilities, Weirdness & Mutations

You are immune to sickness and miasma.
Your stone body is resilient. (AC +3)
You are immune to poison.
You resist negative energy. (rN+)
You are resistant to electric shocks. (rElec)
You are resistant to unholy torment.
You are immune to petrification.


Message History

Aim: a gnoll, wielding a +0 spear (72% to hit)
The stone arrow hits the gnoll!
The gnoll is severely wounded.
The gnoll hits you but does no damage.
Casting: Stone Arrow (extremely dangerous; 16% risk of failure)
Confirm with . or Enter, or press ? or * to list all spells.
Aiming: Sandblast (safe; 1% risk of failure)
Press: ? - help, Shift-Dir - straight line, f/p - gnoll
Aim: a gnoll, wielding a +0 spear (severely wounded, 85% to hit)
The blast of sand hits the gnoll.
You kill the gnoll!
Casting: Sandblast (safe; 1% risk of failure)
Confirm with . or Enter, or press ? or * to list all spells.
Aiming: Sandblast (safe; 1% risk of failure)
Press: ? - help, Shift-Dir - straight line, f - gnoll
Aim: a gnoll, wielding a +0 halberd (85% to hit)
The blast of sand hits the gnoll.
The gnoll is moderately wounded.
Casting: Sandblast (safe; 1% risk of failure)
Confirm with . or Enter, or press ? or * to list all spells.
Aiming: Sandblast (safe; 1% risk of failure)
Press: ? - help, Shift-Dir - straight line, f/p - gnoll
Aim: a gnoll, wielding a +0 halberd (moderately wounded, 85% to hit)
The blast of sand misses the gnoll.
The gnoll misses you.
Casting: Sandblast (safe; 1% risk of failure)
Confirm with . or Enter, or press ? or * to list all spells.
You don't have enough magic to cast this spell.
Unknown command.
Casting: Sandblast (safe; 1% risk of failure)
Confirm with . or Enter, or press ? or * to list all spells.
You don't have enough magic to cast this spell.
The gnoll misses you.
You closely miss the gnoll.
The gnoll is moderately wounded.
The gnoll hits you with a +0 halberd.
You closely miss the gnoll.
The gnoll is moderately wounded.
The gnoll hits you with a +0 halberd. The gnoll hits you with a +0 halberd!
Ouch! That really hurt!
You die...

#####......##.###########.#
............#.....#.......#
............#####.#.#####.#
............#####.#.###.#
........................#
#.................#.###.#
......>.#.#.#######.###.#.#
...#.#.##.#...............#
...#.#.##......g@<..###.###
....†...............#
..........#...........#
.......##.#....###..#.#
.g......#.#....# #..#.#
........#.#....# #..# #
.....[........## #..#
..............# ..#
...............


You could see a gnoll.

Vanquished Creatures
  An adder (D:2)
  2 gnolls
  2 ball pythons (D:1)
  2 bats (D:1)
  2 endoplasms (D:1)
  3 goblins (D:1)
  A hobgoblin (D:1)
  A kobold (D:1)
  7 rats (D:1)
21 creatures vanquished.

Notes
Turn   | Place    | Note
-------+----------+-------------------------------------------
     0 | D:1      | Arcadio the Gargoyle Earth Elementalist began the quest for
                  | the Orb.
     0 | D:1      | Reached XP level 1. HP: 10/10 MP: 3/3
   171 | D:1      | Found Yrebir's Jewellery Shoppe.
   285 | D:1      | Reached XP level 2. HP: 15/15 MP: 3/5
   597 | D:1      | Reached skill level 4 in Earth Magic
  1095 | D:2      | Reached XP level 3. HP: 18/19 MP: 2/6
  1154 | D:1      | Learned a level 3 spell: Stone Arrow
  1305 | D:2      | Mangled by a gnoll

Illustrated notes

Levels and vault maps discovered:
D:1:      dpeg_arrival_lava_altar, layout_loops_corners, serial_shops, shop
D:2:      layout_basic, uniq_jessica

Skill      XL: |  1  2 |
---------------+-------+-----
Earth Magic    | 4 |  4.3
Dodging        | 2 |  2.2
Stealth        | |  2.1
Spellcasting   | |  2.6
Transmutations | |  0.7

Action                     || total
---------------------------++-------
  Melee: Mace              ||    13
   Cast: Sandblast         ||    26
         Stone Arrow       ||     2
   Stab: Sleeping          ||     1
 Armour: Robe              ||     5
  Dodge: Dodged            ||    20
